 Dungeon Crawl Stone Soup version 0.30-a0-1160-g6e42c06551 (webtiles) character file.

Game seed: 313386633046316985

2093 ryw the Cudgeller (level 9, -5/68 HPs)
             Began as a Mummy Fighter on Apr 25, 2023.
             Was a Believer of Okawaru.
             Slain by a wight
             ... wielding a +3 war axe
              (7 damage)
             ... on level 7 of the Dungeon.
             The game lasted 00:13:33 (8497 turns).

ryw the Cudgeller (Mummy Fighter)                   Turns: 8497, Time: 00:13:34

Health: -5/68      AC: 14    Str: 23    XL:     9   Next: 7%
Magic:  9/9        EV:  5    Int:  7    God:    Okawaru [**....]
Gold:   316        SH:  8    Dex: 12    Spells: 8/8 levels left

rFire   x . .        d - +0 morningstar (heavy)
rCold   + + .        t - +0 kite shield
rNeg    + + +        c - +0 plate armour
rPois   ∞            (no helmet)
rElec   .            m - +1 cloak
rCorr   .            (no gloves)
SInv    .            (no boots)
Will    +....        (no amulet) Stlth
                     n - ring of protection from cold
HPRegen 0.31/turn    (no ring)
MPRegen 0.11/turn

%: faith
@: no status effects
A: cold resistance 1, negative energy resistance 3, torment resistance 2, heat
vulnerability 1, in touch with death 1, no potions, faith
a: Renounce Religion, Heroism


You were on level 7 of the Dungeon.
You worshipped Okawaru.
Okawaru was pleased with you.
You visited 1 branch of the dungeon, and saw 8 of its levels.

You collected 466 gold pieces.
You spent 150 gold pieces at shops.

Inventory:

Hand Weapons
 d - a +0 heavy morningstar (weapon)
 j - a +0 flail of protection
 p - a +0 dire flail
Missiles
 f - 25 poisoned darts (quivered)
 k - 2 boomerangs
 s - 4 atropa-tipped darts
 v - 3 datura-tipped darts
Armour
 c - a +0 plate armour (worn)
 m - a +1 cloak (worn)
 t - a +0 kite shield (worn)
Jewellery
 n - a ring of protection from cold (left hand)
 x - a +5 ring of evasion
Wands
 o - a wand of flame (30)
Scrolls
 a - a scroll of butterflies
 b - a scroll of immolation {unknown}
 e - 3 scrolls of noise
 g - 2 scrolls of amnesia
 h - 2 scrolls of fear
 i - a scroll of fog
 l - a scroll of vulnerability
 q - a scroll of poison
 u - a scroll of teleportation
 w - a scroll of magic mapping {unknown}


   Skills:
 + Level 5.5 Fighting
 * Level 7.8 Maces & Flails
 + Level 5.3 Armour
 + Level 3.1 Shields


You had 8 spell levels left.
You didn't know any spells.
Your spell library contained the following spells:

 Spells                   Type           Power      Damage    Failure   Level
 Kiss of Death            Conj/Necr      0%         2d5       100%        1
 Shock                    Conj/Air       0%         1d3       100%        1
 Cigotuvi's Dreadful Rot  Necr/Pois/Air  0%         N/A       100%        2
 Confusing Touch          Hex            0%         N/A       100%        3
 Swiftness                Air            0%         N/A       100%        3
 Airstrike                Air            0%         2d(0-16)  100%        4
 Dispel Undead            Necr           0%         3d6       100%        4
 Summon Small Mammal      Summ           Unusable   N/A       N/A         1
 Call Canine Familiar     Summ           Unusable   N/A       N/A         3
 Summon Guardian Golem    Hex/Summ       Unusable   N/A       N/A         3
 Death Channel            Necr           Unusable   N/A       N/A         6

Dungeon Overview and Level Annotations

Branches:
Dungeon (8/15)             Temple (0/1) D:5
   Lair: D:8-11

Altars:
Ashenzari
Hepliaklqana
Nemelex Xobeh
Okawaru
Trog
Vehumet

Shops:
D:4 *   D:5 !

Annotations:
D:5 2 runed translucent doors, zazu2006's ghost, novice NaHW
D:7 2 runed translucent doors, exclusion: orange crystal statue


Innate Abilities, Weirdness & Mutations

You are immune to poison.
Your flesh is cold resistant. (rC+)
You are immune to negative energy. (rN+++)
You are immune to unholy pain and torment.
You are vulnerable to heat. (rF-)
You are in touch with the powers of death.
You do not drink.
You have a special connection with the divine. (Faith)


Message History

Found 4 stones.
The wight hits you with a +2 halberd of freezing.
The wight barely misses you.
You closely miss the wight. The wight hits you but does no damage.
You block the wight's attack. The wight completely misses you.
The wight hits you with a +2 halberd of freezing.
You hit the wight but do no damage. You block the wight's attack.
The wight hits you but does no damage. The wight hits you with a +3 war axe.
The wight hits you with a +2 halberd of freezing!
You hit the wight but do no damage. The wight hits you with a +3 war axe!
The wight hits you with a +2 halberd of freezing.
The wight hits you with a +3 war axe.
The wight hits you with a +2 halberd of freezing!
* * * LOW HITPOINT WARNING * * *
The wight freezes you.
* * * LOW HITPOINT WARNING * * *
You are too injured to fight recklessly!
You are too injured to fight recklessly!
You barely miss the wight. You block the wight's attack.
The wight hits you with a +2 halberd of freezing.
* * * LOW HITPOINT WARNING * * *
The wight hits you with a +2 halberd of freezing.
* * * LOW HITPOINT WARNING * * *
The wight hits you but does no damage. The wight attacks as you move away!
The wight hits you with a +2 halberd of freezing!
* * * LOW HITPOINT WARNING * * *
The wight attacks as you move away! The wight hits you but does no damage.
There is a stone staircase leading up here.
You climb upwards.
Level annotation: 2 runed translucent doors, exclusion: orange crystal statue
There is a stone staircase leading down here.
You hit the wight but do no damage. The wight hits you but does no damage.
You block the wight's attack.
You hit the wight but do no damage. The wight hits you with a +3 war axe!
* * * LOW HITPOINT WARNING * * *
You hit the wight.
The wight is lightly damaged.
The wight hits you with a +3 war axe!
You die...

.....##...#.#≈.......≈.≈#.#......
....#.##....#≈≈≈≈≈≈≈≈≈.≈#.#......
...#..##..#.'..........≈#.#......
..#...##..#.#≈≈≈≈≈≈≈≈≈≈≈#.####'##
##...###..#.#############.# #.#
##...##..).........<......# #.#
...#..###.#..#...#.#####[## #.#
..#.#.#..........#.....#.# #.#
...#..###...!..z@#####.#.# #.#
.....#######.#.[.......#.#####.#
.....##........................#
...#.########..#########.#######
...#...............# #.#
##.###############.#####.########
.#.#<#...........................
.#.#.#.#######.#.#.......########
...#...........#.#..........#####


You could see a wight.

Vanquished Creatures
  Sigmund (D:3)
  A steam dragon (D:6)
  2 water moccasins
  An orc warrior (D:7)
  A sky beast (D:7)
  An ice beast (D:6)
  An ogre (D:6)
  A centaur (D:7)
  3 phantoms
  A bullfrog (D:6)
  2 wights
  A howler monkey (D:3)
  A jelly (D:6)
  3 orc priests
  4 hounds
  An iguana (D:6)
  6 orc wizards
  7 gnolls
  9 adders
  A river rat (D:3)
  4 white imps
  2 worms
  The ghost of AwFulAwFulPlayer the Sneak, a weakling TeDe (D:6)
  A dart slug (D:3)
  13 orcs
  3 ball pythons
  6 bats
  7 endoplasms
  2 giant cockroaches (D:3)
  6 goblins
  9 hobgoblins
  20 jackals
  7 kobolds
  6 quokkas
  A frilled lizard (D:1)
  4 rats
140 creatures vanquished.

Vanquished Creatures (others)
  An orc (D:4)
1 creature vanquished.

Grand Total: 141 creatures vanquished

Notes
Turn   | Place    | Note
-------+----------+-------------------------------------------
     0 | D:1      | ryw the Mummy Fighter began the quest for the Orb.
     0 | D:1      | Reached XP level 1. HP: 18/18 MP: 1/1
    40 | D:1      | Reached skill level 2 in Maces & Flails
    58 | D:1      | Reached XP level 2. HP: 24/24 MP: 2/2
   363 | D:1      | Gained mutation: You are in touch with the powers of death.
                  | [Mummy growth]
   363 | D:1      | Reached XP level 3. HP: 26/29 MP: 3/3
   593 | D:1      | Reached skill level 3 in Maces & Flails
   806 | D:2      | Found a faded altar of an unknown god.
  1846 | D:2      | Reached XP level 4. HP: 30/35 MP: 4/4
  2019 | D:3      | Found a bloodstained altar of Trog.
  2407 | D:3      | Reached XP level 5. HP: 25/41 MP: 5/5
  2566 | D:3      | Found an iron altar of Okawaru.
  2835 | D:2      | Reached skill level 4 in Maces & Flails
  2978 | D:3      | Noticed Sigmund
  3327 | D:4      | Noticed a phantom
  3637 | D:3      | Reached XP level 6. HP: 34/47 MP: 6/6
  3709 | D:3      | Killed Sigmund
  4221 | D:3      | Reached skill level 5 in Maces & Flails
  4221 | D:3      | Reached XP level 7. HP: 36/53 MP: 7/7
  4571 | D:4      | Found Cyetad's Assorted Antiques.
  4585 | D:4      | Bought an agate ring for 125 gold pieces
  4585 | D:4      | Bought a scroll labelled COGOSIA HADWEAHU for 25 gold
                  | pieces
  4806 | D:5      | Entered Level 5 of the Dungeon
  4978 | D:3      | Found a radiant altar of Vehumet.
  4991 | D:3      | Became a worshipper of Warmaster Okawaru
  5165 | D:5      | Found a staircase to the Ecumenical Temple.
  5306 | D:5      | Found a runed translucent door.
  5371 | D:5      | Found Uxinlil's Distillery.
  5565 | D:5      | Noticed zazu2006's ghost (novice NaHW)
  5666 | D:5      | Found a runed translucent door.
  5772 | D:5      | Found a hazy altar of Hepliaklqana.
  6264 | D:6      | Reached skill level 6 in Maces & Flails
  6307 | D:6      | Found a broken altar of Ashenzari.
  6416 | D:6      | Noticed a steam dragon
  6431 | D:6      | Killed a steam dragon
  6432 | D:6      | Reached XP level 8. HP: 5/61 MP: 8/8
  6692 | D:6      | Reached * piety under Okawaru
  6693 | D:6      | Reached skill level 5 in Fighting
  6790 | D:6      | Reached skill level 5 in Armour
  6845 | D:6      | Found a sparkling altar of Nemelex Xobeh.
  6899 | D:6      | Found a runed translucent door.
  6919 | D:6      | Noticed AwFulAwFulPlayer's ghost (weakling TeDe)
  6933 | D:6      | Reached skill level 7 in Maces & Flails
  6935 | D:6      | Killed AwFulAwFulPlayer's ghost
  7384 | D:7      | Reached ** piety under Okawaru
  7728 | D:7      | Reached XP level 9. HP: 67/68 MP: 9/9
  7822 | D:7      | Found a runed translucent door.
  7825 | D:7      | Noticed an orange crystal statue
  7825 | D:7      | Found the +10 tower shield of Ignorance {rN+ Int-4}
  7836 | D:7      | Found a runed translucent door.
  8496 | D:7      | HP: 1/68 [wight/+3 war axe (11)]
  8497 | D:7      | Slain by a wight

Illustrated notes

Levels and vault maps discovered:
D:1:      minmay_arrival_wavy_path, layout_basic
D:2:      layout_loops_ring, nicolae_ecumenical_lake_church, minmay_bisected
D:3:      layout_basic, nicolae_overflow_hidden_temple, gup_sewer_entry_spiral,
          grunt_ministairs_12, uniq_sigmund
D:4:      layout_rooms, serial_shops, shop
D:5:      layout_basic, mainiacjoe_overflow_alcove_4,
          minmay_temple_entry_nine_rooms, serial_shops, shop,
          ebering_ghost_sewer_f, grunt_ministairs_11
D:6:      layout_loops_corners, mainiacjoe_overflow_six_doors_small,
          nemelex_dance_club_becter, ebering_ghost_sewer_d, minivault_11
D:7:      layout_basic, kennysheep_small_spiral, hangedman_decor_slide_cut,
          chequers_guarded_unrand_ignorance
D:8:      layout_basic, old_standard_altar

Skill      XL: |  1  2  3  4  5  6  7  8 |
---------------+-------------------------+-----
Maces & Flails | 2 3 4 5 6 7 |  7.8
Armour         | 3 4 5 |  5.3
Fighting       | 4 5 |  5.5
Shields        | 3 |  3.1

Action                     |  1- 3 |  4- 6 |  7- 9 || total
---------------------------+-------+-------+-------++-------
  Melee: Flail             |   130 |   203 |    68 ||   401
         Morningstar       |       |       |   143 ||   143
  Throw: Dart              |       |     4 |       ||     4
 Invoke: Heroism           |       |       |     1 ||     1
    Use: Scroll            |       |     4 |     7 ||    11
   Stab: Sleeping          |       |       |     1 ||     1
 Armour: Scale mail        |    76 |    90 |    71 ||   237
         Steam dragon scal |       |       |    46 ||    46
         Plate armour      |       |       |    13 ||    13
  Dodge: Dodged            |    59 |    97 |   110 ||   266
  Block: Buckler           |    20 |    37 |    36 ||    93
         Kite shield       |       |       |    49 ||    49

Table legend: (Time is in decaauts)
 A = Elapsed time spent in this place.
 B = Non-inter-level travel time spent in this place.
 C = Inter-level travel time spent in this place.
 D = Time resting spent in this place.
 E = Time spent auto-exploring this place.
 F = Levels seen in this place.
 G = Mean time per level.
                   A        B        C        D        E       F      G
               +--------+--------+--------+--------+--------+-----+--------+
         Total |   8779 |   7921 |    858 |   1315 |   4813 |   8 | 1097.4 |
       Dungeon |   8779 |   7921 |    858 |   1315 |   4813 |   8 | 1097.4 |
               +--------+--------+--------+--------+--------+-----+--------+

Top non-repeatable levels by time:
     D:3: 2314 daAuts
     D:6: 1512 daAuts
     D:2: 1426 daAuts
     D:7: 1135 daAuts
     D:5: 848 daAuts
     D:1: 819 daAuts
     D:4: 678 daAuts
     D:8: 44 daAuts
